Map: Oxide LE

Players

LiquidClem (Clem)

  • Race: Terran Terran
  • Spawn Location: 7:00

TYTY (TY) - Winner!

  • Race: Terran Terran
  • Spawn Location: 1:00

VOD

Have the link to the VOD?

Description

Time

  • Played on: Jan. 12, 2021, 11:41 a.m.
  • Length: 12:44
Show
View Real Time Build Order
Export as new Build Order

LiquidClem Terran 

Build Orders: Reaper Expand 

Get SALT Encoding   

  12  0:00  SCV  
  13  0:13  SCV  
  14  0:17  Supply Depot  
  14  0:25  SCV  
  15  0:39  SCV  
  15  0:40  Barracks  
  16  0:43  Refinery  
  16  0:51  SCV  
  17  1:03  SCV  
  18  1:15  SCV  
  19  1:27  Orbital Command  
  19  1:28  Reaper  
  20  1:39  Command Center  
  20  1:48  Supply Depot  
  20  1:52  SCV  
  21  1:59  Marine  
  22  2:04  Factory  
  22  2:07  SCV  
  23  2:15  Refinery  
  23  2:17  Marine  
  23  2:20  SCV  
  25  2:32  SCV  
  25  2:36  Barracks Reactor  
  26  2:44  SCV  
  27  2:49  Hellion  
  27  2:50  Starport  
  29  2:52  Orbital Command  
  29  2:56  SCV  
  30  3:08  Refinery, SCV  
  30  3:11  Factory Tech Lab  
  31  3:14  Marine x2  
  31  3:17  SCV  
  34  3:20  Supply Depot, SCV  
  35  3:29  SCV  
  35  3:32  Marine x2  
  35  3:34  Raven  
  40  3:35  Factory Tech Lab, SCV  
  41  3:41  SCV  
  41  3:42  Supply Depot  
  41  3:47  SCV  
  43  3:49  Marine  
  43  3:50  Marine  
  43  3:53  Siege Tank  
  43  3:54  SCV  
  49  3:59  SCV  
  50  4:06  SCV  
  50  4:07  Supply Depot  
  51  4:11  SCV  
  52  4:17  Supply Depot  
  52  4:19  SCV  
  52  4:22  Marine  
  54  4:25  SCV  
  54  4:26  Siege Tank  
  54  4:27  Liberator  
  62  4:31  SCV  
  62  4:34  Viking  
  62  4:37  SCV  
  65  4:40  Supply Depot, Marine  
  65  4:43  SCV  
  67  4:50  SCV  
  67  4:53  Supply Depot  
  67  4:55  SCV  
  67  4:57  Command Center  
  68  5:00  Refinery  
  68  5:01  Siege Tank  
  68  5:04  Viking  
  73  5:07  Marine  
  73  5:10  SCV  
  73  5:12  Viking  
  78  5:14  SCV  
  78  5:17  Supply Depot  
  78  5:23  SCV  
  78  5:25  Marine  
  78  5:26  SCV  
  81  5:29  Supply Depot  
  81  5:33  Siege Tank  
  81  5:34  Viking  
  86  5:40  SCV  
  86  5:41  SCV  
  86  5:42  Viking  
  90  5:45  Marine  
  90  5:46  Supply Depot  
  90  5:58  Barracks, SCV  
  90  6:00  Barracks  
  90  6:03  Marine  
  92  6:05  Siege Tank  
  95  6:15  Engineering Bay x2  
  95  6:16  Viking x2  
  99  6:19  SCV  
  99  6:37  Siege Tank  
  87  6:45  SCV  
  73  6:48  Marine x2  
  73  6:49  SCV  
  53  7:06  Marine  
  36  7:09  Siege Tank  
  36  7:21  Viking  
  33  7:23  Marine  
  25  8:25  SCV  
  26  8:37  SCV  
  24  9:10  Marine  
  24  9:13  SCV  
  25  9:22  Orbital Command  
  25  9:28  Marine  
  25  9:46  Marine  
  26  9:56  SCV  
  27  10:04  Marine  
  28  10:08  SCV  
  29  10:17  Barracks  
  27  10:37  SCV  
  27  10:38  Marine  
  29  10:49  SCV  
  30  10:55  Barracks  
  30  10:56  Marine  
  31  11:01  SCV  
  31  11:04  Marine  
  32  11:13  SCV, Marine  
  34  11:24  Marine  
  35  11:26  SCV  
  36  11:36  Refinery, Marine  
  36  11:38  SCV  
  38  11:42  Marine  
  38  11:46  Marine  
  40  11:54  Marine  
  40  11:58  SCV  
  40  11:59  Marine  
  43  12:03  Marine  
  44  12:12  Marine  
  44  12:13  SCV  
  46  12:25  SCV  
Show
View Real Time Build Order
Export as new Build Order

TYTY Terran - Winner!

Build Orders: Reaper Expand 

Get SALT Encoding   

  12  0:00  SCV  
  13  0:12  SCV  
  14  0:17  Supply Depot  
  14  0:24  SCV  
  15  0:39  Barracks, SCV  
  15  0:42  Refinery  
  16  0:51  SCV  
  17  1:03  SCV  
  18  1:15  SCV  
  19  1:26  Reaper  
  19  1:27  Orbital Command  
  20  1:38  Command Center  
  20  1:49  Supply Depot  
  20  1:53  SCV  
  21  1:58  Marine  
  22  2:02  Factory  
  22  2:05  SCV  
  23  2:17  SCV  
  23  2:18  Refinery  
  23  2:19  Barracks Reactor  
  24  2:29  SCV  
  25  2:42  SCV  
  26  2:46  Hellion  
  26  2:49  Starport  
  26  2:50  Orbital Command  
  28  2:54  SCV  
  28  2:56  Marine x2  
  31  3:06  SCV  
  31  3:07  Widow Mine  
  34  3:13  Marine  
  34  3:14  Marine  
  34  3:16  SCV  
  34  3:19  SCV  
  38  3:25  Medivac  
  40  3:28  SCV  
  40  3:29  Factory Tech Lab  
  40  3:31  Marine x2  
  40  3:34  Supply Depot, SCV  
  44  3:40  Barracks, SCV  
  45  3:43  Refinery  
  45  3:48  SCV  
  46  3:55  Starport Tech Lab, Marine  
  46  3:56  Siege Tank  
  46  3:58  SCV  
  46  3:59  Marine  
  51  4:05  Supply Depot, SCV  
  54  4:18  Supply Depot  
  54  4:20  Raven  
  54  4:27  SCV x2, Marine x2  
  58  4:37  Factory Reactor  
  56  4:39  SCV x2  
  56  4:42  Stimpack, Marine  
  56  4:44  Command Center  
  59  4:49  Marine x2  
  59  4:51  SCV  
  62  4:53  SCV  
  62  4:55  Supply Depot  
  62  4:56  Supply Depot  
  63  5:03  SCV  
  63  5:05  SCV  
  65  5:11  Engineering Bay  
  65  5:13  Engineering Bay  
  65  5:15  SCV  
  65  5:19  Marine x2  
  68  5:22  Medivac x2, Siege Tank  
  68  5:23  SCV  
  68  5:27  SCV  
  68  5:28  Marine  
  77  5:34  Supply Depot, Refinery  
  78  5:37  Marine x2  
  78  5:38  SCV  
  78  5:39  SCV  
  81  5:51  Terran Infantry Weapons Level 1, SCV  
  81  5:52  SCV  
  81  5:54  Siege Tank  
  86  5:57  Marine  
  86  5:58  Marine  
  86  5:59  Barracks  
  86  6:04  Terran Infantry Armor Level 1  
  86  6:06  Starport Reactor, SCV x2  
  86  6:07  Orbital Command  
  86  6:09  Marine  
  87  6:18  SCV  
  87  6:21  Marine x2  
  90  6:27  Marine  
  90  6:30  Missile Turret  
  86  6:43  Marine  
  86  6:45  SCV x2  
  72  7:07  Marine  
  47  7:14  Marine x2  
  36  7:16  Orbital Command, Marine  
  36  7:21  Marine  
  29  7:51  SCV x2  
  27  8:12  Orbital Command  
  25  8:46  Orbital Command  
  24  8:52  Factory Tech Lab  
  27  8:59  SCV  
  25  9:11  SCV  
  26  9:18  Barracks  
  26  9:20  Marine x3  
  25  9:35  SCV  
  25  9:37  Marine x2  
  25  9:38  Marine  
  29  9:47  SCV  
  30  9:55  Marine x2  
  32  10:01  SCV  
  33  10:13  SCV  
  34  10:17  Marine x3  
  37  10:25  SCV  
  37  10:38  SCV  
  38  10:44  Marine x2  
  40  10:50  SCV  
  41  11:02  SCV, Marine x2  
  44  11:06  Marine  
  44  11:08  Combat Shield  
  45  11:14  SCV  
  46  11:20  Marine x2  
  46  11:24  Marine  
  46  11:27  SCV  
  47  11:38  Marine x2  
  49  11:44  Marine  
  49  11:45  SCV  
  51  11:56  Marine x2  
  51  11:58  SCV  
  54  12:01  Marine  
  55  12:10  SCV  
  55  12:13  Marine x2  
  58  12:19  Marine  
  43  12:38  Factory Tech Lab  
Tags
 
Add a new tag
Caveats
  • Supply blocks, unpowered buildings, or Contaminate may cause inaccurate times.
  • Supply counts are checked every 10 seconds.